 Dungeon Crawl Stone Soup version 0.31.0-32-g396128a36d (webtiles) character file.

Game seed: 12405009000167195607

4783 H0rd4k the Martial Artist (level 10, -4/65 HPs)
             Began as an Octopode Artificer on Mar 22, 2024.
             Was an Initiate of Gozag.
             Slain by a wolf (11 damage)
             ... led by Grum
             ... on level 8 of the Dungeon.
             The game lasted 00:13:13 (8084 turns).

H0rd4k the Martial Artist (Octopode Artificer)      Turns: 8084, Time: 00:13:14

Health: -4/65      AC:  1    Str: 23    XL:     10   Next: 47%
Magic:  10/10      EV: 18    Int: 17    God:    Gozag
Gold:   729        SH:  5    Dex: 16    Spells: 9/9 levels left

rFire   . .          .
                       - Unarmed
rCold   x . .        (no shield)
rNeg    . . .        (helmet restricted)
rPois   .            u - amulet of reflection
rElec   .            j - +5 ring of evasion
rCorr   .            l - +6 ring of strength
SInv    .            q - ring of flight
Will    .....        y - +6 ring of strength
Stlth   ++++         (no ring)
HPRegen 0.30/turn    (no ring)
MPRegen 0.12/turn    (no ring)
                     (no ring)

%: reflection
@: gold aura, flying
A: almost no armour, amphibious, 8 rings, camouflage 2, gelatinous body 1,
(nimble swimmer 1), tentacles, agile 1, teleportitis 1, cold vulnerability 1
a: Renounce Religion, Potion Petition, Call Merchant, Bribe Branch


You were on level 8 of the Dungeon.
You worshipped Gozag.
Gozag was pleased with you.
You visited 2 branches of the dungeon, and saw 9 of its levels.
You also visited: Sewer and Bailey.

You collected 900 gold pieces.
You paid 171 gold pieces to Gozag.

Inventory:

Hand Weapons
 p - a +4 dagger
 C - the +2 short sword of the Mosquito {elec, rElec rCorr Str+6}
   (You found it on level 6 of the Dungeon)

   Str+6:     It affects your strength (+6).
   rElec:     It insulates you from electricity.
   rCorr:     It protects you from acid and corrosion.
Missiles
 f - 7 poisoned darts (quivered)
Jewellery
 j - a +5 ring of evasion (left tentacle)
 l - a +6 ring of strength (right tentacle)
 q - a ring of flight (on tentacle)
 u - an amulet of reflection (around mantle)
 y - a +6 ring of strength (on tentacle)
Wands
 b - a wand of flame (7)
 c - a wand of charming (47)
 n - a wand of digging (8)
 K - a wand of iceblast (9)
Scrolls
 a - 3 scrolls of vulnerability {unknown}
 e - 4 scrolls of enchant weapon {unknown}
 h - 6 scrolls of identify
 m - a scroll of acquirement {unknown}
 o - 2 scrolls of revelation
 v - 5 scrolls of teleportation {unknown}
 w - 3 scrolls of enchant armour {unknown}
 z - a scroll of poison {unknown}
 A - 2 scrolls of amnesia {unknown}
 B - 2 scrolls of fog {unknown}
 E - 3 scrolls of fear {unknown}
 F - 2 scrolls of butterflies {unknown}
 I - a scroll of brand weapon {unknown}
 J - a scroll of noise {unknown}
Potions
 d - a potion of curing {unknown}
 g - 2 potions of heal wounds
 i - a potion of lignification
 k - a potion of mutation
 r - 4 potions of degeneration
 s - 3 potions of enlightenment
 t - 2 potions of haste {unknown}
 x - a potion of might {unknown}
 D - 2 potions of invisibility {unknown}
 G - 2 potions of cancellation {unknown}
 H - a potion of experience
 L - a potion of attraction


   Skills:
 + Level 4.5 Fighting
 + Level 2.1 Throwing
 - Level 2.3 Dodging
 - Level 1.3 Stealth
 + Level 3.8 Shields
 + Level 13.4 Unarmed Combat
 - Level 3.2 Evocations


You had 9 spell levels left.
You didn't know any spells.
Your spell library was empty.

Dungeon Overview and Level Annotations

Branches:
Dungeon (8/15)             Temple (1/1) D:7           Sewer (visited)
 Bailey (visited)
   Lair: D:8-11

Altars:
Ashenzari
Cheibriados
Dithmenos
Elyvilon
Fedhas
Gozag
Hepliaklqana
Kikubaaqudgha
Makhleb
Nemelex Xobeh
Okawaru
Qazlal
Ru
Sif Muna
Trog
Uskayaw
Vehumet
Wu Jian
Xom
Yredelemnul
Zin
The Shining One

Shops:
D:1 :

Annotations:
D:7 exclusion: 2 downstairs
D:8 3 runed translucent doors, Gastronok


Innate Abilities, Weirdness & Mutations

You cannot wear most types of armour.
You are amphibious.
You can wear up to eight rings at the same time.
Your skin blends seamlessly with your surroundings (Stealth++).
Your rubbery body absorbs attacks. (AC +1, EV +1)
((You are camouflaged when in or above water. (Stealth+)))
You have tentacles for arms and can constrict up to eight enemies at once.
You are agile. (Dex +4, Str/Int -1)
You are occasionally teleported next to monsters.
You are vulnerable to cold. (rC-)


Message History

Found a potion of heal wounds.
There are monsters nearby!
Aiming: Charm
Press: ? - help, Shift-Dir - straight line, f - Grum
Aim: Grum, wielding a -2 spear of venom and wearing a +0 animal skin (chance to affect: 66%) Grum is charmed.
The wolf howls!
Unknown command.
What are your orders? t - Shout!
Orders for allies: a - Attack new target. p - Attack previous target. r - Retreat! s - Stop attacking. g - Guard the area. f - Follow me.
Anything else - Cancel.
Guard this area!
Grum hits the wolf with a -2 spear of venom.
The wolf is poisoned.
The wolf bites Grum.
The wolf bites Grum!
Grum closely misses the wolf.
The wolf bites Grum.
The wolf bites Grum!
Grum hits the wolf with a -2 spear of venom!
The wolf looks as sick as possible!
The wolf bites Grum!
The wolf bites Grum.
Grum dies!
The wolf howls!
You bludgeon the wolf! Your grab misses the wolf. Your squeeze misses the wolf.
The wolf is moderately wounded.
The wolf bites you!
You tentacle-slap the wolf. Your grab misses the wolf.
The wolf is heavily wounded.
The wolf bites you!
* * * LOW HITPOINT WARNING * * *
The wolf misses you.
You barely miss the wolf. You grab the wolf.
The wolf is severely wounded.
You constrict the wolf, but do no damage.
The wolf closely misses you. The wolf bites you!
* * * LOW HITPOINT WARNING * * *
The wolf bites you!
You die...
Your body crumbles into a pile of gold.

#.#
#.....#
#.#
#.o...#
#o#
#....[#
#.#
#.....#
#.# #.# .
#.# .!.
#h##.....
#@h$.....
####.....
###.


You could see 2 wolves and an orc.

Vanquished Creatures
  A cyclops (D:7)
  Maurice (D:7)
  Psyche (D:8)
  A steam dragon (D:8)
  4 water moccasins
  6 orc warriors
  A sky beast (D:6)
  3 ogres
  An ice beast (D:7)
  A wolf (D:7)
  A centaur (D:8)
  3 kobold brigands
  2 bullfrogs
  2 scorpions (D:4)
  4 wights (D:8)
  5 killer bees
  2 bombardier beetles (D:4)
  A howler monkey (D:4)
  3 jellies
  An orc priest (D:8)
  4 hounds
  A sleepcap (D:5)
  3 orc wizards
  Natasha (twice) (D:4)
  6 iguanas
  4 gnolls
  11 adders
  4 river rats
  A white imp (D:6)
  3 dart slugs
  4 ribbon worms
  24 orcs
  12 ball pythons
  3 endoplasms
  4 giant cockroaches
  15 goblins
  11 hobgoblins
  14 jackals
  8 quokkas
  10 bats
  7 frilled lizards
  31 kobolds
  3 rats
229 creatures vanquished.

Vanquished Creatures (collateral kills)
  A wyvern (D:7)
  Natasha (D:4)
  A hobgoblin (D:4)
3 creatures vanquished.

Vanquished Creatures (others)
  Maggie (D:7)
  Grum (D:8)
  A black bear (D:4)
  A jelly (D:6)
4 creatures vanquished.

Grand Total: 236 creatures vanquished

Notes
Turn   | Place    | Note
-------+----------+-------------------------------------------
     0 | D:1      | H0rd4k the Octopode Artificer began the quest for the Orb.
     0 | D:1      | Reached XP level 1. HP: 13/13 MP: 1/1
   106 | D:1      | Found Jobohota's Book Boutique.
   119 | D:1      | Reached skill level 1 in Unarmed Combat
   149 | D:1      | Reached XP level 2. HP: 17/18 MP: 2/2
   225 | D:1      | Reached skill level 2 in Unarmed Combat
   349 | D:1      | Reached XP level 3. HP: 23/23 MP: 3/3
   626 | D:2      | Found a faded altar of an unknown god.
   644 | D:2      | You fall into a shaft and drop 2 floors!
   688 | D:4      | Noticed Natasha
   691 | D:4      | Killed Natasha
   692 | D:4      | Reached skill level 3 in Unarmed Combat
   692 | D:4      | Reached XP level 4. HP: 28/28 MP: 4/4
   733 | D:3      | Reached skill level 4 in Unarmed Combat
   779 | D:3      | Reached XP level 5. HP: 28/34 MP: 5/5
  1035 | D:3      | Found a basalt altar of Yredelemnul.
  1061 | D:4      | Noticed Natasha
  1072 | D:4      | Killed Natasha
  1073 | D:4      | Reached skill level 5 in Unarmed Combat
  1085 | D:4      | Noticed Natasha
  1092 | D:4      | Killed Natasha
  1093 | D:4      | Reached XP level 6. HP: 19/39 MP: 6/6
  1407 | D:4      | Noticed a black bear
  1421 | D:4      | Reached skill level 6 in Unarmed Combat
  1436 | D:4      | Reached XP level 7. HP: 44/45 MP: 7/7
  1463 | D:4      | Found a shadowy altar of Dithmenos.
  1531 | D:4      | Reached skill level 7 in Unarmed Combat
  1823 | D:5      | Entered Level 5 of the Dungeon
  2084 | D:5      | Reached skill level 8 in Unarmed Combat
  2361 | D:5      | Reached XP level 8. HP: 47/51 MP: 8/8
  2476 | D:6      | Found a glowing drain.
  2504 | Sewer    | Entered a sewer
  3095 | D:6      | Reached skill level 9 in Unarmed Combat
  3269 | D:6      | Identified the +2 short sword of the Mosquito {elec, rElec
                  | rCorr Str+6}
  3526 | D:6      | Reached skill level 1 in Shields
  3695 | D:6      | Reached skill level 10 in Unarmed Combat
  3700 | D:6      | Found a glowing silver altar of Zin.
  3826 | D:7      | Noticed Maggie
  3826 | D:7      | Noticed a cyclops
  3848 | D:7      | Found a flagged portal.
  3857 | D:7      | Killed a wyvern
  3858 | D:7      | Reached XP level 9. HP: 28/57 MP: 9/9
  3861 | D:7      | Your ally Maggie died
  3912 | D:7      | HP: 2/57 [cyclops/large rock (42)]
  3914 | Bailey   | Entered a bailey
  4111 | Bailey   | Noticed an orc warlord
  4264 | Bailey   | Found a runed translucent gate.
  4264 | Bailey   | Found a runed translucent gate.
  4264 | Bailey   | Found a runed translucent gate.
  4314 | Bailey   | Reached skill level 11 in Unarmed Combat
  4856 | D:7      | Gained mutation: You are vulnerable to cold. (rC-) [potion
                  | of mutation]
  4856 | D:7      | Gained mutation: You are occasionally teleported next to
                  | monsters. [potion of mutation]
  4856 | D:7      | Gained mutation: Your skin blends seamlessly with your
                  | surroundings (Stealth++). [potion of mutation]
  4856 | D:7      | Gained mutation: You are agile. (Dex +4, Str/Int -1)
                  | [potion of mutation]
  4861 | D:7      | Killed a cyclops
  4986 | D:7      | Reached skill level 1 in Throwing
  5255 | D:7      | Found a staircase to the Ecumenical Temple.
  5272 | Temple   | Entered the Ecumenical Temple
  5298 | Temple   | Became a worshipper of Gozag Ym Sagoz the Greedy
  6707 | D:7      | Noticed Maurice
  6715 | D:7      | Killed Maurice
  6716 | D:7      | Reached skill level 12 in Unarmed Combat
  6716 | D:7      | Reached XP level 10. HP: 64/64 MP: 10/10
  6910 | D:8      | Noticed Grum
  7263 | D:8      | Found a sacrificial altar of Ru.
  7263 | D:8      | Found a glowing golden altar of the Shining One.
  7263 | D:8      | Found a shimmering blue altar of Sif Muna.
  7263 | D:8      | Found a blossoming altar of Fedhas.
  7263 | D:8      | Noticed Psyche
  7267 | D:8      | Killed Psyche
  7274 | D:8      | Found a bloodstained altar of Trog.
  7305 | D:8      | Noticed Gastronok
  7312 | D:8      | Found a runed translucent gate.
  7312 | D:8      | Found a runed translucent gate.
  7312 | D:8      | Found a runed translucent gate.
  7313 | D:8      | Noticed a brown ugly thing
  7314 | D:8      | Noticed a green ugly thing
  7469 | D:8      | Reached skill level 13 in Unarmed Combat
  7494 | D:7      | HP: 3/65 [poisoned by a killer bee]
  8081 | D:8      | Your ally Grum died
  8084 | D:8      | Slain by a wolf

Illustrated notes

Levels and vault maps discovered:
D:1:      tarquinn_simple_flora_water_e, layout_basic, serial_shops,
          nicolae_book_shop_shelving
D:2:      layout_loops_cross, ebering_ecumenical_altar_petrified
D:3:      layout_rooms, mainiacjoe_overflow_boulevard, minmay_starry_boxes
D:4:      layout_loops_ring, mainiacjoe_overflow_six_doors_small,
          minmay_misc_feat_plants, grunt_ministairs_15, uniq_natasha
D:5:      layout_basic
D:6:      layout_cave_pools, zin_scriptorium, portal_sewer_entry_b
D:7:      layout_basic, minmay_temple_entry_sparse_star, enter_bailey_5,
          minivault_24, uniq_maggie, uniq_maurice
D:8:      layout_basic, nicolae_overflow_hallway_of_the_gods,
          ploomutoo_gammafunk_ghost_potion_laboratory, uniq_gastronok,
          uniq_psyche, uniq_grum
Temple:   minmay_temple_curvy_branch

Skill      XL: |  1  2  3  4  5  6  7  8  9 10 |
---------------+-------------------------------+-----
Unarmed Combat | 1 2 3 4 5 6 8 10 12 13 | 13.4
Fighting       | 2 3 4 |  4.5
Shields        | 1 3 |  3.8
Throwing       | 1 2 |  2.1
Dodging        | |  2.3
Stealth        | |  1.3
Evocations     | |  3.2

Action                     |  1- 3 |  4- 6 |  7- 9 | 10-12 || total
---------------------------+-------+-------+-------+-------++-------
  Melee: Unarmed           |    48 |    59 |   256 |    93 ||   456
         Constrict         |    14 |    11 |    63 |    21 ||   109
         Tentacles         |    12 |     8 |    46 |    18 ||    84
         Punch             |     2 |     3 |    21 |     9 ||    35
  Throw: Dart              |       |       |     9 |       ||     9
  Evoke: Wand              |     3 |    15 |    24 |     4 ||    46
    Use: Potion            |       |       |     3 |     2 ||     5
         Scroll            |       |       |     1 |       ||     1
   Stab: Sleeping          |     5 |     3 |    16 |     3 ||    27
 Armour: Skin              |    13 |    19 |    64 |    41 ||   137
  Dodge: Dodged            |    24 |    55 |   149 |    79 ||   307
  Block: Other             |       |       |    31 |    17 ||    48
         Reflection        |       |       |     2 |     1 ||     3
